 Dungeon Crawl Stone Soup version 0.29-a0-111-gbaf749a769 (webtiles) character file.

Game seed: 10126658000566809975

72 siradein the Covered (level 4, -2/29 HPs)
             Began as a Gargoyle Fighter on Feb 18, 2022.
             Slain by an orc wizard (4 damage)
             ... on level 2 of the Dungeon.
             The game lasted 00:03:42 (1995 turns).

siradein the Covered (Gargoyle Fighter)             Turns: 1995, Time: 00:03:42

Health: -2/29      AC:  7    Str: 20    XL:     4   Next: 25%
Magic:  4/4        EV:  9    Int: 10    God:
Gold:   139        SH:  8    Dex:  9    Spells: 3/3 levels left

rFire   . . .      SeeInvis .   a - +0 flail
rCold   . . .      Faith    .   l - +0 kite shield "Coyptu" {Stlth+}
rNeg    + . .      Spirit   .   c - +0 leather armour
rPois   ∞          Reflect  .   (no helmet)
rElec   +          Harm     .   (no cloak)
rCorr   .          Rampage  .   (no gloves)
Will    .....                   (no boots)
Stlth   ++........              (no amulet)
HPRegen 0.09/turn               (no ring)
MPRegen 0.09/turn               (no ring)

@: no status effects
A: sickness immunity, AC +3, negative energy resistance 1, electricity
resistance, torment resistance 1, petrification resistance
a: no special abilities


You were on level 2 of the Dungeon.
You visited 1 branch of the dungeon, and saw 2 of its levels.

You collected 139 gold pieces.

Inventory:

Hand Weapons
 a - a +0 flail (weapon)
Armour
 c - a +0 leather armour (worn)
 l - the +0 kite shield "Coyptu" (worn) {Stlth+}
   (You found it on level 2 of the Dungeon)

   Stlth:     It makes you more stealthy.
Scrolls
 e - 3 scrolls of amnesia {unknown}
 f - 6 scrolls of identify {unknown}
 g - a scroll of magic mapping {unknown}
 i - a scroll of acquirement {unknown}
 k - a scroll of enchant weapon {unknown}
 n - a scroll of fear {unknown}
 p - a scroll of holy word {unknown}
Potions
 b - 2 potions of mutation {unknown}
 d - 3 potions of might
 h - 2 potions of curing {unknown}
 j - a potion of degeneration {unknown}
 m - a potion of flight {unknown}
 o - a potion of resistance {unknown}


   Skills:
 + Level 3.8 Fighting
 + Level 2.6 Maces & Flails
 + Level 3.8 Armour
 + Level 1.0 Dodging
 + Level 3.8 Shields


You had 3 spell levels left.
You didn't know any spells.
Your spell library contained the following spells:

 Spells                   Type           Power      Damage    Failure   Level
 Shock                    Conj/Air       0%         1d3       80%         1
 Swiftness                Air            0%         N/A       99%         3
 Airstrike                Air            0%         N/A       100%        4
 Alistair's Intoxication  Tmut/Pois      0%         N/A       100%        5
 Borgnjor's Vile Clutch   Necr/Erth      0%         N/A       100%        5
 Eringya's Noxious Bog    Tmut/Pois      0%         N/A       100%        6


Dungeon Overview and Level Annotations

Branches:
Dungeon (2/15)

Altars:


Innate Abilities, Weirdness & Mutations

You are immune to sickness and miasma.
Your stone body is resilient. (AC +3)
You are immune to poison.
You resist negative energy. (rN+)
You are resistant to electric shocks. (rElec)
You are resistant to unholy torment.
You are immune to petrification.


Message History

The orc is moderately wounded.
You block the orc's attack. The orc hits you but does no damage.
You barely miss the orc.
The orc is moderately wounded.
The orc hits you with a +0 dagger.
You sock the orc!
You kill the orc!
Something hits you but does no damage.
You closely miss something. Something hits you.
You closely miss something. Something hits you.
Something hits you but does no damage.
You miss something.
The orc throws a boomerang.
Something hits you.
You miss something. You block something's attack. Something hits you.
You completely miss something.
An orc wizard appears from thin air!
Reactivating autopickup.
Something hits you but does no damage.
Deactivating autopickup; reactivate with Ctrl-A.
You barely miss something.
You hear some strange, mumbled words.
A magic dart appears from out of thin air!
The magic dart hits you.
You miss something. Something hits you.
The orc wizard points at you and mumbles some strange words.
Something hits you.
You miss something. The orc wizard casts a spell at you.
The magic dart hits something!
Something hits you.
You sock something!
Reactivating autopickup.
You feel a bit more experienced.
The orc wizard gestures at you while chanting.
The magic dart hits you!
* * * LOW HITPOINT WARNING * * *
You hit the orc wizard.
The orc wizard is moderately wounded.
You block the orc wizard's attack.
You closely miss the orc wizard.
The orc wizard is moderately wounded.
The orc wizard hits you with a +0 dagger.
You die...

######### ###.......#
###.PP.####@# #.......# #o#
#.P♣_P.P###o###
##.P♣PP.P##.o..######## #####
#...P..P.##....#......# .....
#....P.........#......##....#
#......#...÷...'.............
#......#########.............
#####......#
........#...........


You could see an orc wizard and 2 orcs.

Vanquished Creatures
  An orc wizard (D:2)
  3 adders (D:2)
  An orc (D:2)
  3 endoplasms (D:1)
  2 giant cockroaches
  4 goblins
  3 hobgoblins (D:1)
  3 quokkas
  4 bats
  2 frilled lizards (D:2)
  3 kobolds
  4 rats
33 creatures vanquished.

Vanquished Creatures (others)
  A withered plant (D:2)
1 creature vanquished.

Grand Total: 34 creatures vanquished

Notes
Turn   | Place    | Note
-------+----------+-------------------------------------------
     0 | D:1      | siradein the Gargoyle Fighter began the quest for the Orb.
     0 | D:1      | Reached XP level 1. HP: 14/14 MP: 1/1
   282 | D:1      | Reached XP level 2. HP: 15/19 MP: 2/2
  1213 | D:2      | Identified the +0 kite shield "Coyptu" {Stlth+}
  1260 | D:2      | Reached XP level 3. HP: 23/23 MP: 3/3
  1624 | D:2      | Reached XP level 4. HP: 22/29 MP: 4/4
  1710 | D:2      | Found a faded altar of an unknown god.
  1713 | D:2      | Reached skill level 1 in Dodging
  1995 | D:2      | Slain by an orc wizard

Illustrated notes

Levels and vault maps discovered:
D:1:      amcnicky_arrival_wind_blow, layout_basic,
          corexii_item_surrounded_by_moat
D:2:      layout_basic, ebering_ecumenical_altar_petrified

Skill      XL: |  1  2  3  4 |
---------------+-------------+-----
Dodging        | 1 |  1.0
Fighting       | |  3.8
Maces & Flails | |  2.6
Armour         | |  3.8
Shields        | |  3.8

Action                   |  1- 3 |  4- 6 || total
-------------------------+-------+-------++-------
Melee: Flail             |    78 |    17 ||    95
Armor: Scale mail        |    34 |       ||    34
       Leather armour    |    12 |     6 ||    18
Dodge: Dodged            |    28 |     2 ||    30
Block: Buckler           |     2 |       ||     2
       Kite shield       |    19 |     5 ||    24

Table legend: (Time is in decaauts)
 A = Elapsed time spent in this place.
 B = Non-inter-level travel time spent in this place.
 C = Inter-level travel time spent in this place.
 D = Time resting spent in this place.
 E = Time spent auto-exploring this place.
 F = Levels seen in this place.
 G = Mean time per level.
                   A        B        C        D        E       F      G
               +--------+--------+--------+--------+--------+-----+--------+
         Total |   2032 |   2016 |     16 |    200 |   1497 |   2 | 1016.0 |
       Dungeon |   2032 |   2016 |     16 |    200 |   1497 |   2 | 1016.0 |
               +--------+--------+--------+--------+--------+-----+--------+

Top non-repeatable levels by time:
     D:1: 1221 daAuts
     D:2: 811 daAuts
